 Dungeon Crawl Stone Soup version 0.29.1-1-gd02db6906a (webtiles) character file.

Game seed: 1419440700784610313

16657 gelatine the Torchbearer (level 12, 0/92 HPs)
             Began as a Demonspawn Hunter on Sept 24, 2022.
             Was a Believer of Yredelemnul.
             Slain by a skeletal warrior
             ... wielding a +0 halberd
              (8 damage)
             ... on level 11 of the Dungeon on Sept 26, 2022.
             The game lasted 00:40:58 (9708 turns).

gelatine the Torchbearer (Demonspawn Hunter)        Turns: 9708, Time: 00:41:00

Health: 0/92       AC: 14    Str: 10    XL:     12   Next: 12%
Magic:  18/18      EV: 18    Int: 11    God:    Yredelemnul [**....]
Gold:   763        SH:  0    Dex: 29    Spells: 11/11 levels left

rFire   . . .      SeeInvis .   b - +7 Throatcutter {drain, coup de grace}
rCold   + . .      Faith    .   (no shield)
rNeg    . . .      Spirit   .   v - +2 leather armour "Tidonia" {rElec rC+ Str-3 Dex+3}
rPois   .          Reflect  .   o - +1 helmet
rElec   +          Harm     .   G - +0 cloak
rCorr   .          Rampage  .   (no gloves)
Will    .....                   s - +1 pair of boots
Stlth   ++++......              I - amulet of regeneration
HPRegen 1.05/turn               t - +6 ring of dexterity
MPRegen 0.16/turn               (no ring)

@: studying Invocations
A: hooves 2, slimy green scales 2, spiny 2
a: Renounce Religion, Recall Undead Harvest, Dark Bargain


You were on level 11 of the Dungeon.
You worshipped Yredelemnul.
Yredelemnul was aware of your devotion.
You visited 2 branches of the dungeon, and saw 12 of its levels.

You collected 875 gold pieces.
You spent 112 gold pieces at shops.

Inventory:

Hand Weapons
 a - a +0 shortbow of freezing
 b - the +7 Throatcutter (weapon) {drain, coup de grace}
   (You found it on level 3 of the Dungeon)

   A truly terrible weapon, it drains the life of any living foe it strikes.
   It may instantly kill foes which have little health.
 A - a +2 falchion of flaming
 Q - a +0 longbow of flaming
Missiles
 B - 3 datura-tipped darts (quivered)
Armour
 o - a +1 helmet (worn)
 s - a +1 pair of boots (worn)
 v - the +2 leather armour "Tidonia" (worn) {rElec rC+ Str-3 Dex+3}
   (You found it on level 4 of the Dungeon)

   Str:       It affects your strength (-3).
   Dex:       It affects your dexterity (+3).
   rC:        It protects you from cold.
   rElec:     It insulates you from electricity.
 y - a +2 scale mail of willpower
 D - a +2 kite shield
 G - a +0 cloak (worn)
 K - +0 gold dragon scales
 R - a +2 buckler
 S - a +0 hat of willpower
 U - a +0 kite shield of cold resistance
Jewellery
 t - a +6 ring of dexterity (left hand)
 H - the ring "Rutaem" {rF+ Will- AC+4 Str+6 Stlth+}
   (You found it on level 6 of the Dungeon)

   [ring of protection]

   AC:        It affects your AC (+4).
   Str:       It affects your strength (+6).
   rF:        It protects you from fire.
   Will:      It decreases your willpower.
   Stlth:     It makes you more stealthy.
 I - an amulet of regeneration (around neck)
Wands
 c - a wand of quicksilver (22)
 j - a wand of flame (43)
 F - a wand of iceblast (10)
 N - a wand of polymorph (2)
Scrolls
 g - a scroll of vulnerability
 i - 4 scrolls of teleportation
 l - 6 scrolls of noise
 m - 3 scrolls of enchant weapon
 p - 2 scrolls of blinking
 x - a scroll of poison {unknown}
 z - 3 scrolls of immolation
 C - 3 scrolls of fear
 J - a scroll of amnesia {unknown}
 M - 2 scrolls of enchant armour
 O - 2 scrolls of torment {unknown}
 P - a scroll of magic mapping {unknown}
Potions
 d - 4 potions of curing
 e - 2 potions of degeneration {unknown}
 f - a potion of flight {unknown}
 h - a potion of ambrosia {unknown}
 k - 6 potions of lignification {unknown}
 n - 4 potions of brilliance {unknown}
 q - a potion of cancellation {unknown}
 r - 4 potions of mutation {unknown}
 u - a potion of attraction {unknown}
 w - 5 potions of haste {unknown}
 E - 2 potions of invisibility {unknown}
 L - a potion of resistance {unknown}
 V - a potion of berserk rage {unknown}
Miscellaneous
 T - a phantom mirror


   Skills:
 * Level 8.1 Fighting
 + Level 7.4 Long Blades
 + Level 7.7 Ranged Weapons
 + Level 0.2 Throwing
 * Level 6.8 Armour
 * Level 6.8 Dodging
 + Level 5.1 Stealth
 * Level 5.1 Shields
 * Level 9.2 Invocations
 * Level 4.6 Evocations


You had 11 spell levels left.
You didn't know any spells.
Your spell library contained the following spells:

 Spells                   Type           Power      Damage    Failure   Level
 Summon Small Mammal      Summ           0%         N/A       41%         1
 Sublimation of Blood     Necr           0%         N/A       56%         2
 Wereblood                Tmut           0%         N/A       56%         2
 Call Canine Familiar     Summ           0%         N/A       80%         3
 Gell's Gravitas          Tloc           0%         N/A       80%         3
 Portal Projectile        Hex/Tloc       0%         N/A       80%         3
 Summon Guardian Golem    Hex/Summ       0%         N/A       80%         3
 Teleport Other           Tloc           0%         N/A       80%         3
 Tukima's Dance           Hex            0%         N/A       80%         3
 Blade Hands              Tmut           0%         N/A       100%        5
 Dispersal                Tloc           0%         N/A       100%        6
 Summon Hydra             Summ           0%         N/A       100%        7


Dungeon Overview and Level Annotations

Branches:
Dungeon (11/15)            Temple (1/1) D:6            Lair (0/5) D:10
    Orc (0/2) D:10

Altars:
Ashenzari
Cheibriados
Dithmenos
Fedhas
Gozag
Hepliaklqana
Kikubaaqudgha
Makhleb
Nemelex Xobeh
Okawaru
Qazlal
Ru
Sif Muna
Trog
Uskayaw
Vehumet
Wu Jian
Xom
Yredelemnul

Shops:
D:6 !


Innate Abilities, Weirdness & Mutations

You have hoof-like feet.
You are mostly covered in slimy green scales. (AC +3)
You are mostly covered in sharp spines.


Message History

Your manticore zombie bites the vampire mosquito!
Your manticore zombie claws the vampire mosquito!
Your manticore zombie claws the vampire mosquito.
The vampire mosquito is destroyed!
You slash the vampire mosquito!
You destroy the vampire mosquito!
The cyclops hits your vampire mosquito zombie.
Your manticore zombie bites the skeletal warrior!
Your manticore zombie claws the skeletal warrior but does no damage. x2
The skeletal warrior hits you with a +0 broad axe.
The skeletal warrior hits your manticore zombie with a +0 broad axe!
The skeletal warrior hits your vampire mosquito zombie with a +0 broad axe!!
The skeletal warrior barely misses you.
You closely miss the skeletal warrior.
The skeletal warrior is lightly damaged.
Your vampire mosquito zombie completely misses the skeletal warrior.
Your vampire mosquito zombie bites the skeletal warrior.
The cyclops barely misses your vampire mosquito zombie.
Your manticore zombie bites the skeletal warrior.
Your manticore zombie closely misses the skeletal warrior.
Your manticore zombie claws the skeletal warrior but does no damage.
Something hits your vampire mosquito zombie!
The skeletal warrior hits your manticore zombie with a +0 broad axe!
The skeletal warrior completely misses your vampire mosquito zombie.
The skeletal warrior completely misses you.
The skeletal warrior hits you from afar with a +0 halberd!!
* * * LOW HITPOINT WARNING * * *
You feel better.
Your vampire mosquito zombie completely misses the skeletal warrior.
Your vampire mosquito zombie bites the skeletal warrior.
Something misses your vampire mosquito zombie.
The skeletal warrior is struck by your spines.
The skeletal warrior hits you with a +0 broad axe!
* * * LOW HITPOINT WARNING * * *
The skeletal warrior hits your manticore zombie with a +0 broad axe!
The skeletal warrior hits your vampire mosquito zombie with a +0 broad axe!!
Your vampire mosquito zombie is destroyed!
The skeletal warrior hits you from afar with a +0 halberd!
You die...
Your body rises from the dead as a mindless zombie.

#. #. #z #. #z
######.
.......###
..>..Czz@#
########Z#######
#ZZ......
#########


You could see 2 skeletal warriors, a cyclops (ally target), a friendly manticore
zombie and 2 friendly vampire mosquito zombies.

Vanquished Creatures
  Gastronok (D:8)
  2 hydras (D:8)
  3 two-headed ogres
  2 skeletal warriors (D:8)
  Pikel (D:5)
  2 ugly things (D:8)
  A cyclops (D:8)
  A manticore (D:11)
  An unseen horror (D:11)
  A kobold demonologist (D:10)
  Prince Ribbit (D:5)
  A hornet (D:8)
  2 dream sheep (D:8)
  Sigmund (D:3)
  A vampire (D:9)
  A wraith (D:8)
  6 yaks
  2 wyverns
  Grum (D:8)
  3 vampire mosquitoes (D:11)
  Edmund (D:5)
  A water moccasin (D:7)
  Duvessa (D:6)
  An orc warrior (D:8)
  2 wolves
  A black bear (D:6)
  An ogre (D:6)
  6 centaurs
  2 phantoms (D:5)
  4 kobold brigands
  4 bullfrogs
  3 gnoll sergeants
  3 necrophages
  2 scorpions
  10 wights
  Dowan (D:6)
  20 killer bees
  7 howler monkeys
  4 crimson imps (D:5)
  6 hounds
  A gnoll bouda (D:5)
  4 orc priests
  5 iguanas
  8 orc wizards
  Robin (D:3)
  19 gnolls
  11 adders
  A shadow imp (D:7)
  A white imp (D:8)
  6 worms
  2 dart slugs
  24 orcs
  11 ball pythons
  5 bats
  8 endoplasms
  A giant cockroach (D:3)
  10 goblins
  6 hobgoblins
  10 jackals
  3 quokkas
  A frilled lizard (D:2)
  17 kobolds
  2 rats
271 creatures vanquished.

Vanquished Creatures (collateral kills)
  A yak (D:9)
  A steam dragon (D:9)
  A vampire mosquito (D:11)
  A kobold brigand (D:8)
  A gnoll sergeant (D:9)
  3 wights
  4 killer bees
  2 gnolls
14 creatures vanquished.

Vanquished Creatures (others)
  An ugly thing zombie (D:8)
  An elephant slug zombie (D:8)
  A two-headed ogre zombie (D:8)
  A vampire mosquito zombie (D:11)
  A wolf (D:8)
  A cyclops zombie (D:8)
  A wyvern zombie (D:8)
  2 bullfrog zombies (D:8)
  2 centaur zombies
  7 killer bee zombies
  A kobold zombie (D:8)
  A howler monkey zombie (D:8)
  4 gnoll zombies
  4 orc zombies (D:8)
  4 plants (D:8)
32 creatures vanquished.

Grand Total: 317 creatures vanquished

Notes
Turn   | Place    | Note
-------+----------+-------------------------------------------
     0 | D:1      | gelatine the Demonspawn Hunter began the quest for the Orb.
     0 | D:1      | Reached XP level 1. HP: 16/16 MP: 1/1
   117 | D:1      | Gained mutation: You are partially covered in sharp spines.
                  | [demonic ancestry]
   117 | D:1      | Reached XP level 2. HP: 22/22 MP: 2/2
   422 | D:1      | Found a faded altar of an unknown god.
   430 | D:1      | Reached skill level 1 in Armour
   583 | D:2      | Found a shimmering blue altar of Sif Muna.
   645 | D:2      | Reached XP level 3. HP: 27/27 MP: 3/3
   699 | D:2      | Reached skill level 1 in Stealth
  1451 | D:2      | Gained mutation: You are partially covered in slimy green
                  | scales. (AC +2) [demonic ancestry]
  1451 | D:2      | Reached XP level 4. HP: 34/34 MP: 4/4
  1550 | D:3      | Noticed Robin
  1559 | D:3      | Killed Robin
  1796 | D:3      | Noticed a centaur
  2158 | D:4      | Identified the +2 leather armour "Tidonia" {rElec rC+ Str-3
                  | Dex+3}
  2406 | D:4      | Noticed a scorpion
  2415 | D:4      | Killed a scorpion
  2416 | D:4      | Reached XP level 5. HP: 35/39 MP: 5/5
  2468 | D:4      | Reached skill level 5 in Ranged Weapons
  2612 | D:4      | Found a radiant altar of Vehumet.
  3007 | D:3      | Killed a centaur
  3008 | D:3      | Reached XP level 6. HP: 5/47 MP: 6/6
  3386 | D:3      | Noticed Sigmund
  3401 | D:3      | Killed Sigmund
  3407 | D:3      | Found the +7 Throatcutter {drain, coup de grace}
  3769 | D:5      | Entered Level 5 of the Dungeon
  3785 | D:5      | Gained mutation: You are mostly covered in slimy green
                  | scales. (AC +3) [demonic ancestry]
  3785 | D:5      | Reached XP level 7. HP: 47/52 MP: 7/7
  3789 | D:5      | Noticed Edmund
  3794 | D:5      | Noticed Pikel
  3796 | D:5      | Killed Edmund
  3803 | D:5      | Killed Pikel
  3804 | D:5      | Reached skill level 1 in Long Blades
  3804 | D:5      | Reached XP level 8. HP: 30/61 MP: 8/8
  4006 | D:5      | Reached skill level 5 in Fighting
  4410 | D:5      | Noticed Prince Ribbit
  4429 | D:5      | Killed Prince Ribbit
  4430 | D:5      | Gained mutation: You have large cloven feet. [demonic
                  | ancestry]
  4430 | D:5      | Reached XP level 9. HP: 60/68 MP: 9/9
  4963 | D:5      | Found a shimmering altar of Xom.
  5140 | D:6      | Identified the ring "Rutaem" {rF+ Will- AC+4 Str+6 Stlth+}
  5330 | D:6      | Reached skill level 1 in Shields
  5344 | D:6      | Found a staircase to the Ecumenical Temple.
  5357 | D:6      | Noticed Duvessa
  5357 | D:6      | Noticed Dowan
  5361 | D:6      | Killed Duvessa
  5368 | D:6      | Killed Dowan
  5465 | D:6      | Found Caf Ucso's Distillery.
  5475 | D:6      | Bought a potion of heal wounds for 70 gold pieces
  5475 | D:6      | Bought a potion of curing for 42 gold pieces
  5760 | Temple   | Entered the Ecumenical Temple
  5978 | Temple   | Became a worshipper of Yredelemnul the Dark
  6050 | D:6      | Found a shimmering blue altar of Sif Muna.
  6118 | D:6      | Reached * piety under Yredelemnul
  6119 | D:6      | Reached skill level 5 in Long Blades
  6236 | D:7      | Found an iron altar of Okawaru.
  6466 | D:7      | Found a burning altar of Makhleb.
  6669 | D:7      | Found a shadowy altar of Dithmenos.
  6813 | D:8      | Identified 2 scrolls of acquirement
  6844 | D:8      | Gained mutation: You are mostly covered in sharp spines.
                  | [demonic ancestry]
  6844 | D:8      | Reached XP level 10. HP: 72/77 MP: 10/10
  6869 | D:8      | Acquired a +0 longbow of flaming
  6871 | D:8      | Acquired a manual of Invocations
  6892 | D:8      | Reached skill level 1 in Invocations
  6940 | D:8      | Reached skill level 5 in Dodging
  6946 | D:8      | Reached skill level 2 in Invocations
  6970 | D:8      | Noticed a two-headed ogre
  6978 | D:8      | Killed a two-headed ogre
  6978 | D:8      | Reached ** piety under Yredelemnul
  6979 | D:8      | Reached skill level 5 in Armour
  6979 | D:8      | Reached skill level 3 in Invocations
  6979 | D:8      | Reached skill level 1 in Evocations
  6980 | D:8      | Reached *** piety under Yredelemnul
  7029 | D:8      | Noticed a cyclops
  7032 | D:8      | Noticed a brown ugly thing
  7034 | D:8      | Noticed a skeletal warrior
  7034 | D:8      | Noticed a skeletal warrior
  7037 | D:8      | Killed a cyclops
  7037 | D:8      | Reached **** piety under Yredelemnul
  7062 | D:8      | Killed a brown ugly thing
  7063 | D:8      | Reached skill level 4 in Invocations
  7063 | D:8      | Noticed an eight-headed hydra
  7063 | D:8      | Noticed a cyan ugly thing
  7063 | D:8      | Noticed a two-headed ogre
  7085 | D:8      | Killed a cyan ugly thing
  7096 | D:8      | Killed a skeletal warrior
  7097 | D:8      | Reached skill level 5 in Invocations
  7102 | D:8      | Killed a two-headed ogre
  7311 | D:8      | Reached XP level 11. HP: 84/84 MP: 15/15
  7348 | D:8      | Noticed Gastronok
  7369 | D:8      | Killed Gastronok
  7370 | D:8      | Reached skill level 6 in Invocations
  7418 | D:8      | Killed a nine-headed hydra
  7589 | D:8      | Killed a skeletal warrior
  7671 | D:8      | Noticed Grum
  7681 | D:8      | Killed Grum
  7688 | D:8      | Your ally Gastronok died
  7741 | D:8      | Reached skill level 7 in Invocations
  7764 | D:8      | Noticed a three-headed hydra
  7772 | D:8      | Your ally Grum died
  7773 | D:8      | Killed a three-headed hydra
  8119 | D:9      | Reached skill level 8 in Invocations
  8239 | D:9      | Found an ancient bone altar of Kikubaaqudgha.
  8280 | D:9      | Noticed a two-headed ogre
  8288 | D:9      | Killed a two-headed ogre
  8330 | D:9      | Found a broken altar of Ashenzari.
  8699 | D:9      | Found a sparkling altar of Nemelex Xobeh.
  8953 | D:10     | Entered Level 10 of the Dungeon
  8953 | D:10     | Found a staircase to the Orcish Mines.
  8979 | D:10     | Found a staircase to the Lair.
  9119 | D:10     | Reached skill level 5 in Shields
  9150 | D:10     | Reached skill level 5 in Stealth
  9481 | D:10     | Gained mutation: You have hoof-like feet. [demonic
                  | ancestry]
  9481 | D:10     | Reached XP level 12. HP: 90/91 MP: 18/18
  9669 | D:11     | Noticed an eight-headed hydra
  9671 | D:11     | Reached skill level 9 in Invocations
  9708 | D:11     | Slain by a skeletal warrior

Illustrated notes

Levels and vault maps discovered:
D:1:      dpeg_arrival_ternary, layout_rooms, nicolae_ecumenical_snake_handling
D:2:      layout_loops_ring, basic_altar, amcnicky_mini_corridor_feature,
          minmay_puff
D:3:      layout_rooms, uniq_robin, uniq_sigmund
D:4:      layout_loops_corners, vehumet_altar_wand_db
D:5:      kennysheep_six_static_rooms, layout_cave_pools, led_xom_imps,
          serial_gnoll_camp, gnoll_camp_mini_loothouse, gnoll_camp_mini_house,
          gnoll_camp_mini_doghouse, gnoll_camp_mini_basic, uniq_prince_ribbit1,
          uniq_edmund, uniq_pikel
D:6:      layout_loops_ring, lemuel_tele_altar, minmay_temple_entry_overgrown,
          serial_shops, nicolae_shop_statue_plus, minmay_crossroads,
          uniq_duvessa
D:7:      layout_basic, mainiacjoe_overflow_boulevard,
          mainiacjoe_overflow_catwalk,
          mainiacjoe_overflow_concentric_impassable, makhleb_blood_cavern_becter
D:8:      hangedman_cross_veins, layout_basic, hangedman_ranch, uniq_gastronok,
          uniq_grum
D:9:      layout_irregular_city, overflow_temple_1_default,
          general_overflow_altar, mainiacjoe_overflow_divided_tiny
D:10:     layout_irregular_city, lair_entry_dummy, orc_0_dummy
D:11:     layout_loops_ring, uniq_nergalle, uniq_fannar
Temple:   nicolae_temple_bog_church

Skill      XL: |  1  2  3  4  5  6  7  8  9 10 11 12 |
---------------+-------------------------------------+-----
Ranged Weapons | 4 5 6 7 |  7.7
Armour         | 1 2 3 4 5 6 |  6.8
Stealth        | 1 2 3 4 5 |  5.1
Dodging        | 2 3 4 5 6 |  6.8
Fighting       | 3 4 5 6 7 8 |  8.1
Long Blades    | 1 3 5 6 7 |  7.4
Shields        | 2 3 5 |  5.1
Invocations    | 5 8 9 |  9.2
Evocations     | 3 4 |  4.6
Throwing       | |  0.2

Action                   |  1- 3 |  4- 6 |  7- 9 | 10-12 || total
-------------------------+-------+-------+-------+-------++-------
Melee: Long sword        |       |     8 |   169 |   211 ||   388
       Punch             |       |       |     1 |     4 ||     5
       Falchion          |       |       |       |     5 ||     5
 Fire: Shortbow          |    92 |   110 |    29 |    45 ||   276
Throw: Throwing net      |       |       |       |     3 ||     3
       Dart              |       |       |       |     1 ||     1
Invok: Recall Undead Har |       |       |       |     5 ||     5
       Dark Bargain      |       |       |       |     2 ||     2
  Use: Scroll            |       |       |     9 |     7 ||    16
       Potion            |       |       |       |     6 ||     6
 Stab: Sleeping          |       |       |     4 |     5 ||     9
       Distracted        |       |       |     1 |     3 ||     4
Armor: Leather armour    |    12 |    29 |    26 |    58 ||   125
       Scale mail        |       |       |    24 |    56 ||    80
Dodge: Dodged            |    16 |    39 |    99 |   202 ||   356
Block: Kite shield       |       |       |    63 |    56 ||   119
